Map: Terrasses de Prion

Players

Miezekotze

  • Race: Zerg Zerg
  • League: Diamond

Worming - Winner!

  • Race: Zerg Zerg
  • League: Diamond

VOD

Have the link to the VOD?

Description

Time

  • Played on: Nov. 13, 2015, 4:51 p.m.
  • Length: 9:00
Show
View Real Time Build Order
Export as new Build Order

Miezekotze Zerg 

Build Orders: Hatch First 

Get SALT Encoding   

  12  0:01  Drone  
  13  0:08  Drone  
  14  0:22  Extractor  
  14  0:23  Drone x2, Extractor  
  14  0:27  Overlord  
  16  0:52  Hatchery  
  16  0:56  Drone  
  16  1:00  Drone  
  16  1:01  Extractor  
  16  1:14  Spawning Pool  
  16  1:17  Drone  
  16  1:21  Drone  
  16  1:25  Drone  
  18  1:30  Drone  
  19  1:41  Overlord  
  19  2:04  Zergling x4  
  19  2:05  Metabolic Boost  
  19  2:06  Queen  
  23  2:10  Queen  
  23  2:15  Drone  
  26  2:17  Drone  
  26  2:20  Drone  
  28  2:23  Drone  
  28  2:26  Drone  
  30  2:34  Zergling x2  
  31  2:41  Zergling x2  
  32  2:55  Zergling x6  
  34  3:04  Roach Warren  
  34  3:05  Drone  
  34  3:06  Overlord  
  34  3:14  Overlord  
  34  3:22  Overlord  
  34  3:28  Drone  
  34  3:32  Drone  
  34  3:33  Zergling x2  
  34  3:34  Zergling x2  
  38  3:36  Zergling x2  
  38  3:41  Drone  
  40  3:45  Drone  
  41  3:49  Drone  
  41  3:51  Drone x3  
  45  4:01  Drone x3  
  48  4:06  Overlord  
  48  4:15  Drone x2  
  48  4:16  Extractor  
  49  4:17  Drone  
  49  4:21  Overlord  
  49  4:22  Hatchery, Overlord  
  49  4:34  Overlord  
  49  4:36  Roach x4  
  57  4:43  Queen  
  57  4:45  Roach x2  
  63  4:49  Roach x3  
  63  4:52  Roach  
  71  4:54  Roach  
  73  5:01  Roach  
  73  5:02  Roach  
  73  5:03  Roach  
  81  5:07  Roach  
  81  5:08  Roach  
  83  5:16  Overlord x2  
  83  5:26  Overlord  
  83  5:28  Lair  
  83  5:32  Overlord, Extractor  
  83  5:34  Drone x2  
  84  5:35  Drone  
  84  5:37  Drone  
  84  5:42  Roach  
  88  5:46  Roach x2  
  92  5:50  Roach  
  92  5:51  Zergling x2, Roach  
  97  5:57  Roach  
  97  5:58  Roach  
  97  6:01  Roach  
  97  6:02  Roach  
  105  6:10  Roach x3  
  111  6:15  Zergling x2, Roach  
  111  6:18  Roach  
  115  6:19  Zergling x2  
  115  6:21  Zergling x2  
  115  6:24  Roach  
  108  6:29  Roach x2  
  108  6:32  Roach  
  112  6:35  Roach  
  112  6:37  Zergling x2  
  112  6:38  Zergling x2  
  112  6:40  Zergling x2  
  112  6:44  Zergling x4  
  109  6:47  Zergling x4  
  105  6:57  Roach x2  
  105  7:00  Roach  
  104  7:03  Roach  
  104  7:06  Roach  
  95  7:08  Glial Reconstitution  
  95  7:10  Zergling x2  
  95  7:13  Zergling x2  
  90  7:16  Zergling x2  
  90  7:19  Roach  
  90  7:21  Roach  
  93  7:25  Roach x4  
  93  7:28  Zergling x4  
  100  7:34  Roach x2  
  103  7:40  Roach x2  
  103  7:42  Roach  
  103  7:44  Roach  
  103  7:48  Zergling x2  
  92  7:52  Roach x2  
  92  7:57  Roach  
  85  8:02  Roach x2  
  80  8:06  Roach x2  
  80  8:11  Roach x2  
  86  8:14  Roach  
  86  8:20  Roach x2  
  86  8:23  Roach  
  86  8:26  Roach  
  93  8:31  Roach  
  97  8:34  Roach x2  
  97  8:36  Roach  
  97  8:38  Roach  
Show
View Real Time Build Order
Export as new Build Order

Worming Zerg - Winner!

Build Orders: Hatch First 

Get SALT Encoding   

  12  0:01  Drone  
  13  0:12  Overlord  
  13  0:17  Drone  
  14  0:30  Drone x2  
  14  0:34  Drone  
  17  0:53  Hatchery  
  17  0:55  Drone  
  17  1:01  Extractor  
  16  1:07  Drone  
  17  1:14  Spawning Pool  
  17  1:18  Drone  
  17  1:27  Drone  
  18  1:33  Overlord  
  18  1:39  Drone  
  19  2:00  Queen  
  21  2:01  Zergling x4  
  21  2:03  Metabolic Boost  
  23  2:13  Queen  
  25  2:17  Drone  
  25  2:20  Zergling x2  
  25  2:22  Drone  
  28  2:29  Zergling x2  
  29  2:30  Drone  
  30  2:39  Drone  
  30  2:40  Overlord  
  31  2:48  Drone x2  
  32  3:01  Drone  
  33  3:05  Drone  
  33  3:06  Baneling Nest  
  33  3:11  Hatchery  
  32  3:16  Extractor  
  32  3:17  Drone x2  
  32  3:18  Overlord  
  33  3:20  Drone  
  33  3:22  Zergling x2  
  33  3:23  Zergling x4  
  37  3:32  Roach Warren  
  36  3:40  Drone  
  37  3:41  Spine Crawler  
  37  3:43  Overlord  
  37  3:46  Drone x4  
  40  3:50  Baneling  
  40  3:51  Evolution Chamber  
  39  3:55  Queen  
  40  4:08  Drone  
  40  4:09  Drone  
  42  4:19  Zerg Missile Weapons Level 1  
  42  4:22  Extractor  
  41  4:28  Drone, Lair  
  42  4:34  Queen  
  42  4:36  Roach x3  
  42  4:37  Roach x3  
  56  4:40  Drone x2  
  58  4:49  Drone  
  58  4:50  Overlord, Extractor  
  58  4:51  Overlord  
  58  4:53  Drone  
  58  4:55  Drone  
  60  5:00  Drone x2  
  62  5:08  Zergling x2  
  63  5:18  Drone x3  
  63  5:19  Roach x4  
  63  5:20  Zergling x2  
  75  5:27  Overlord x2  
  75  5:29  Glial Reconstitution  
  75  5:46  Drone x6  
  75  5:47  Drone x2  
  85  5:57  Roach x3  
  85  6:01  Ravager  
  85  6:02  Overlord x2  
  89  6:05  Overlord  
  81  6:31  Roach x7  
  81  6:32  Roach x6  
  103  6:36  Queen  
  103  6:38  Zerg Missile Weapons Level 2  
  102  6:43  Roach  
  102  6:44  Roach x3  
  99  6:54  Roach x5  
  90  7:05  Roach x3  
  86  7:10  Roach x4  
  77  7:26  Roach  
  77  7:27  Roach x4  
  82  7:40  Roach x4  
  90  7:46  Roach x4  
  82  8:00  Roach  
  82  8:01  Roach x5  
  94  8:11  Roach x2  
  98  8:18  Ravager x2  
  98  8:19  Ravager  
  101  8:21  Ravager  
  101  8:22  Zergling x4  
  101  8:23  Zergling x8  
  108  8:29  Overlord  
  108  8:35  Ravager  
Tags
 
Add a new tag
Caveats
  • Supply blocks, unpowered buildings, or Contaminate may cause inaccurate times.
  • Supply counts are checked every 10 seconds.